 Dungeon Crawl Stone Soup version 0.32-a0-450-g080537f31e (webtiles) character file.

Game seed: 5450519511370300519

2694 ezpacito the Trooper (level 9, -3/68 HPs)
             Began as a Demonspawn Chaos Knight on Feb 24, 2024.
             Was a Plaything of Xom.
             Slain by a vampire (8 damage)
             ... on level 7 of the Dungeon.
             The game lasted 00:08:54 (5107 turns).

ezpacito the Trooper (Demonspawn Chaos Knight)      Turns: 5107, Time: 00:08:55

Health: -3/68      AC: 23    Str: 19    XL:     9   Next: 38%
Magic:  13/13      EV:  9    Int: 22    God:    Xom [...*..]
Gold:   319        SH:  4    Dex: 16    Spells: 2/13 levels left

rFire   . . .        a - +0 hand axe (chaos)
rCold   . . .        (no shield)
rNeg    + . .        g - +4 chain mail "Lotue" {Dex+3}
rPois   .            (helmet restricted)
rElec   +            q - +0 cloak
rCorr   .            o - +0 pair of gloves
SInv    .            p - +0 pair of boots
Will    .....        h - amulet of magic regeneration Stlth
                     l - ring of positive energy
HPRegen 0.31/turn    t - ring of Tomorrow {Str+6 Int+4 Dex+2}
MPRegen 0.53/turn

%: no passive effects
@: mighty, silenced
A: horns 2, slimy green scales 1, icemail 1, powered by death 1, condensation
shield, clever 1, clumsy 1, sense surroundings 1, electricity resistance,
subdued magic 1
a: Renounce Religion


You were on level 7 of the Dungeon.
You worshipped Xom.
You were a favourite toy of Xom.
You visited 2 branches of the dungeon, and saw 8 of its levels.

You collected 930 gold pieces.
You spent 611 gold pieces at shops.

Inventory:

Hand Weapons
 a - a +0 hand axe of chaos (weapon)
Missiles
 z - 11 poisoned darts (quivered)
 A - 3 boomerangs
 F - 2 javelins
Armour
 c - a +0 plate armour
 f - a scarf of shadows
 g - the +4 chain mail "Lotue" (worn) {Dex+3}
   (You found it on level 4 of the Dungeon)

   Dex+3:     It affects your dexterity (+3).
 o - a +0 pair of gloves (worn)
 p - a +0 pair of boots (worn)
 q - a +0 cloak (worn)
Jewellery
 b - a ring of poison resistance
 h - an amulet of magic regeneration (around neck)
 l - a ring of positive energy (left hand)
 m - a ring of positive energy
 r - a ring of ice
 t - the ring of Tomorrow (right hand) {Str+6 Int+4 Dex+2}
   (You bought it in a shop on level 1 of the Dungeon)

   [ring of strength]

   Str+6:     It affects your strength (+6).
   Int+4:     It affects your intelligence (+4).
   Dex+2:     It affects your dexterity (+2).
 B - a ring of ice
 G - a ring of fire
Wands
 v - a wand of flame (23)
 y - a wand of paralysis (1)
Scrolls
 e - 2 scrolls of revelation
 j - 6 scrolls of vulnerability
 k - a scroll of enchant weapon {unknown}
 n - a scroll of teleportation
 s - 5 scrolls of noise
 u - a scroll of blinking {unknown}
 w - 2 scrolls of immolation {unknown}
 D - a scroll of amnesia {unknown}
 H - a scroll of fog {unknown}
Potions
 x - a potion of brilliance
 E - a potion of might


   Skills:
 * Level 5.4 Fighting
 * Level 4.9(5.1) Axes
 + Level 2.2(3.9) Polearms
 + Level 1.4 Throwing
 * Level 4.4 Armour
 * Level 4.0 Dodging
 + Level 3.1 Stealth
 * Level 3.8 Unarmed Combat
 + Level 2.6 Spellcasting
 + Level 1.5 Conjurations
 + Level 2.3 Hexes
 + Level 2.0 Translocations
 + Level 2.0 Ice Magic
 + Level 1.9 Evocations


You had 2 spell levels left.
You knew the following spells:

 Your Spells              Type           Power      Damage    Failure   Level
a - Metabolic Englaciati  Hex/Ice        4%         N/A       100%        5
b - Blink                 Tloc           18%        N/A       50%         2
c - Shock                 Conj/Air       16%        1d4       54%         1
d - Ozocubu's Armour      Ice            9%         N/A       75%         3

Your spell library contained the following spells:

 Spells                   Type           Power      Damage    Failure   Level
 Lesser Beckoning         Tloc           18%        N/A       50%         2
 Momentum Strike          Conj/Tloc      16%        3d8       54%         2
 Sandblast                Erth           4%         2d4       65%         1
 Stone Arrow              Conj/Erth      8%         3d7       89%         3
 Passwall                 Erth           2%         N/A       95%         3
 Swiftness                Air            2%         N/A       95%         3
 Airstrike                Air            1%         2d(1-17)  100%        4
 Brom's Barrelling Bould  Conj/Erth      4%         2d3       100%        4
 Sculpt Simulacrum        Ice/Alch       2%         N/A       100%        6


Dungeon Overview and Level Annotations

Branches:
Dungeon (7/15)             Temple (1/1) D:6

Altars:
Ashenzari
Cheibriados
Dithmenos
Kikubaaqudgha
Makhleb
Nemelex Xobeh
Okawaru
Qazlal
Ru
Sif Muna
Trog
Uskayaw
Wu Jian
Xom
Yredelemnul

Shops:
D:1 =


Innate Abilities, Weirdness & Mutations

You have a pair of horns on your head.
You are partially covered in slimy green scales. (AC +2)
A meltable icy envelope protects you from harm. (AC +4)
You regenerate a little health from kills.
A meltable shield of frost defends you. (SH +4)
Your mind is acute. (Int +4, Str/Dex -1)
You are clumsy. (Dex -2)
You passively map a small area around you.
You are resistant to electric shocks. (rElec)
Your spells are a little easier to cast, but a little less powerful.


Message History

* * * LOW HITPOINT WARNING * * *
Something bites you but does no damage.
Unknown command.
The air fills with toxic fumes!
As you read the scroll labelled YRIURPHUCHAU, it crumbles to dust.
It was a scroll of poison.
Something hits you but does no damage. Something bites you but does no damage.
Something hits you but does no damage. Something bites you but does no damage.
Okay, then.
It was a potion of might.
You feel very mighty all of a sudden.
Xom thinks this is hilarious!
You hear some strange, mumbled words.
Something tries to affect you, but you resist.
You barely miss something.
A vampire appears from thin air!
Reactivating autopickup.
The vampire hits you.
* * * LOW HITPOINT WARNING * * *
The vampire bites you but does no damage.
The vampire hits you but does no damage.
The vampire barely misses you.
As you read the scroll labelled UHUUTI SISOIT, it crumbles to dust.
A profound silence engulfs you.
It was a scroll of silence.
The vampire barely misses you. The vampire completely misses you.
You hit the vampire. You freeze the vampire. You headbutt the vampire!
The vampire is almost destroyed.
You block the vampire's attack.
The vampire bites you but does no damage.
The vampire hits you.
* * * LOW HITPOINT WARNING * * *
The vampire bites you but does no damage.
You barely miss the vampire. You headbutt the vampire.
The vampire is almost destroyed.
The vampire hits you but does no damage.
The vampire bites you but does no damage.
You hit the vampire. Your headbutt misses the vampire.
The vampire is almost destroyed.
The vampire hits you!
You die...
Xom titters!

########### #######
#####§.........
.§§§§§Y####§§§§§#########
, .§§§§☼YV@§☼§##### #
######Y###### #


§lc , * # *###. * , , # #. *** # ~ #.* , # #. # , * ## , , *, * * ** You could
see 3 yaks, a vampire (fast) and an iguana.

Vanquished Creatures
  Pikel (D:7)
  A yaktaur (D:6)
  Prince Ribbit (D:5)
  A yak (D:7)
  A sky beast (D:7)
  An ogre (D:3)
  2 ice beasts
  2 phantoms
  2 lemures (D:7)
  A kobold brigand (D:5)
  4 bullfrogs
  A scorpion (D:7)
  2 bombardier beetles (D:3)
  4 hounds
  4 orc priests
  2 jellies
  4 iguanas
  3 orc wizards
  2 gnolls (D:5)
  7 adders
  3 ufetubi
  A dart slug (D:4)
  16 orcs
  7 ball pythons
  8 bats
  4 endoplasms
  4 giant cockroaches
  9 hobgoblins
  4 kobolds
  8 quokkas
  A frilled lizard (D:2)
  10 goblins
  5 rats
126 creatures vanquished.

Vanquished Creatures (collateral kills)
  2 gnolls (D:5)
  An adder (D:5)
  An ufetubus (D:5)
  An orc (D:5)
  A kobold (D:5)
6 creatures vanquished.

Vanquished Creatures (others)
  A yak (D:7)
1 creature vanquished.

Grand Total: 133 creatures vanquished

Notes
Turn   | Place    | Note
-------+----------+-------------------------------------------
     0 | D:1      | ezpacito the Demonspawn Chaos Knight began the quest for
                  | the Orb.
     0 | D:1      | Reached XP level 1. HP: 18/18 MP: 1/1
    23 | D:1      | Found Hoacsovo's One-of-a-Kind Rings.
   106 | D:1      | Reached skill level 1 in Dodging
   178 | D:1      | XOM: divination: magic mapping
   199 | D:1      | Gained mutation: A meltable shield of frost defends you.
                  | (SH +4) [demonic ancestry]
   199 | D:1      | Reached XP level 2. HP: 20/24 MP: 2/2
   272 | D:1      | Found a faded altar of an unknown god.
   327 | D:1      | XOM: divination: detect creatures
   510 | D:1      | Gained mutation: You are partially covered in slimy green
                  | scales. (AC +2) [demonic ancestry]
   510 | D:1      | Reached XP level 3. HP: 29/29 MP: 3/3
   596 | D:1      | XOM: silly message
   711 | D:1      | XOM: silly message
   788 | D:2      | XOM: potion effect (invisibility)
   821 | D:2      | XOM: cloud trail
   894 | D:2      | XOM: cloud trail
   943 | D:2      | Reached skill level 1 in Unarmed Combat
  1060 | D:2      | Gained mutation: You have a pair of small horns on your
                  | head. [demonic ancestry]
  1060 | D:2      | Reached XP level 4. HP: 27/35 MP: 4/4
  1200 | D:2      | XOM: scenery: summon butterflies
  1400 | D:2      | XOM: god gift: 700 gold pieces
  1643 | D:1      | Bought the ring of Tomorrow {Str+6 Int+4 Dex+2} for 611
                  | gold pieces
  1695 | D:3      | XOM: divination: detect creatures
  1748 | D:3      | XOM: god gift: 5 stones
  1751 | D:3      | Noticed an ogre
  1763 | D:3      | HP: 1/35 [ogre/+0 giant club (24)]
  1803 | D:3      | Killed an ogre
  1804 | D:3      | Reached skill level 1 in Stealth
  1804 | D:3      | Reached skill level 1 in Spellcasting
  1804 | D:3      | Gained mutation: You have a pair of horns on your head.
                  | [demonic ancestry]
  1804 | D:3      | Reached XP level 5. HP: 37/42 MP: 4/6
  2064 | D:3      | XOM: swap monsters
  2705 | D:4      | XOM: noise
  2716 | D:4      | Identified the +4 chain mail "Lotue" {Dex+3}
  2800 | D:4      | XOM: 4-stop teleportation journey
  2803 | D:4      | XOM: summons 1 hostile demon
  2809 | D:4      | Reached skill level 4 in Fighting
  2809 | D:4      | Reached XP level 6. HP: 35/48 MP: 6/8
  2826 | D:4      | XOM: stat loss: -1 Str (19/20)
  2921 | D:4      | XOM: 4-stop teleportation journey
  3335 | D:4      | Learned a level 5 spell: Metabolic Englaciation
  3338 | D:4      | Learned a level 2 spell: Blink
  3537 | D:5      | Entered Level 5 of the Dungeon
  3635 | D:4      | XOM: noise
  3652 | D:4      | XOM: give mutations
  3652 | D:4      | Gained mutation: You are robust. (+10% HP) [Xom's mischief]
  3652 | D:4      | Gained mutation: You have a pair of large horns on your
                  | head. [Xom's mischief]
  3652 | D:4      | Gained mutation: You are resistant to electric shocks.
                  | (rElec) [Xom's mischief]
  3652 | D:4      | Gained mutation: You are strong-willed. (Will+) [Xom's
                  | mischief]
  3654 | D:5      | XOM: summons friendly ufetubus
  3661 | D:5      | Gained mutation: A meltable icy envelope protects you from
                  | harm. (AC +4) [demonic ancestry]
  3661 | D:5      | Reached XP level 7. HP: 39/59 MP: 9/9
  3678 | D:5      | Reached skill level 1 in Polearms
  3803 | D:5      | Reached skill level 1 in Hexes
  3805 | D:5      | Reached skill level 1 in Translocations
  3834 | D:5      | XOM: enchant monster (bad)
  3839 | D:5      | Reached skill level 1 in Ice Magic
  4014 | D:5      | Noticed Prince Ribbit
  4021 | D:5      | XOM: summons 2 hostile demons
  4043 | D:5      | Killed Prince Ribbit
  4044 | D:5      | Reached skill level 1 in Evocations
  4044 | D:5      | Gained mutation: You regenerate a little health from kills.
                  | [demonic ancestry]
  4044 | D:5      | Reached XP level 8. HP: 51/67 MP: 9/11
  4080 | D:5      | XOM: summons 4 hostile shadow creatures
  4098 | D:5      | XOM: give mutations
  4098 | D:5      | Gained mutation: Your body sometimes deteriorates upon
                  | taking damage. [Xom's mischief]
  4098 | D:5      | Gained mutation: You have hidden genetic potential. [Xom's
                  | mischief]
  4098 | D:5      | Gained mutation: You occasionally lose the ability to read
                  | scrolls when taking damage. [Xom's mischief]
  4219 | D:5      | XOM: give mutations
  4219 | D:5      | Lost mutation: You have a pair of large horns on your head.
                  | [Xom's mischief]
  4219 | D:5      | Lost mutation: You are strong-willed. (Will+) [Xom's
                  | mischief]
  4219 | D:5      | Gained mutation: Your spells are a little easier to cast,
                  | but a little less powerful. [Xom's mischief]
  4219 | D:5      | Lost mutation: You have hidden genetic potential. [Xom's
                  | mischief]
  4220 | D:5      | Lost mutation: Your body sometimes deteriorates upon taking
                  | damage. [potion of mutation]
  4220 | D:5      | Lost mutation: You occasionally lose the ability to read
                  | scrolls when taking damage. [potion of mutation]
  4220 | D:5      | Lost mutation: You are robust. (+10% HP) [potion of
                  | mutation]
  4220 | D:5      | Gained mutation: Your mind is acute. (Int +4, Str/Dex -1)
                  | [potion of mutation]
  4220 | D:5      | Gained mutation: Your muscles are strong. (Str +4, Int/Dex
                  | -1) [potion of mutation]
  4229 | D:6      | Learned a level 1 spell: Shock
  4258 | D:6      | Learned a level 3 spell: Ozocubu's Armour
  4270 | D:6      | Found a staircase to the Ecumenical Temple.
  4287 | Temple   | Entered the Ecumenical Temple
  4438 | D:6      | XOM: summons 1 hostile demon
  4439 | D:6      | Noticed an orange demon
  4441 | D:6      | XOM: enchant monster (bad)
  4443 | D:6      | XOM: noise
  4450 | D:6      | a scorpion changed into a yaktaur
  4450 | D:6      | Noticed a yaktaur
  4450 | D:6      | XOM: polymorph scorpion -> yaktaur
  4459 | D:6      | Killed a yaktaur
  4460 | D:6      | Reached skill level 5 in Fighting
  4462 | D:6      | XOM: draining
  4507 | D:6      | XOM: 1-stop teleportation journey
  4541 | D:6      | XOM: stat loss: -1 Str (22/23)
  4637 | D:6      | XOM: give mutations
  4637 | D:6      | Lost mutation: Your muscles are strong. (Str +4, Int/Dex
                  | -1) [Xom's mischief]
  4637 | D:6      | Gained mutation: You are clumsy. (Dex -2) [Xom's mischief]
  4637 | D:6      | Gained mutation: You passively map a small area around you.
                  | [Xom's mischief]
  4889 | D:7      | Reached skill level 1 in Conjurations
  4906 | D:7      | XOM: draining
  4914 | D:7      | Reached skill level 1 in Throwing
  4914 | D:7      | Reached XP level 9. HP: 63/66 MP: 12/12
  4998 | D:7      | Noticed Pikel
  5039 | D:7      | Killed Pikel
  5043 | D:7      | XOM: god gift: 10 gold pieces
  5071 | D:7      | XOM: enchant monster (good)
  5107 | D:7      | Slain by a vampire

Illustrated notes

Levels and vault maps discovered:
D:1:      saegor_arrival_simple_c, layout_loops_ring, basic_ecumenical_altar,
          nicolae_shop_unique_rings
D:2:      layout_basic, basic_altar, minmay_misc_feat_rugged
D:3:      wander_river, layout_basic, chequers_serial_rivers_small_3,
          minmay_ogre_servants
D:4:      layout_cave_pods
D:5:      layout_rooms, uniq_prince_ribbit1
D:6:      layout_basic, minmay_temple_entry_grid
D:7:      layout_loops_ring, nicolae_hepliaklqana_monster_ancestors,
          ebering_ghost_reflecting_pool, dreamdust_wishing_well,
          nicolae_tricolors, uniq_pikel
Temple:   dpeg_three_leaves_temple

Skill      XL: |  1  2  3  4  5  6  7  8  9 |
---------------+----------------------------+-----
Dodging        | 1 2 3 4 |  4.0
Armour         | 2 3 4 |  4.4
Unarmed Combat | 1 2 3 |  3.8
Axes           | 3 4 |  4.9
Stealth        | 1 2 3 |  3.1
Spellcasting   | 1 2 |  2.6
Fighting       | 4 5 |  5.4
Polearms       | 1 2 |  2.2
Hexes          | 1 2 |  2.3
Translocations | 1 2 |  2.0
Ice Magic      | 1 2 |  2.0
Evocations     | 1 |  1.9
Conjurations   | 1 |  1.5
Throwing       | 1 |  1.4

Action                     |  1- 3 |  4- 6 |  7- 9 || total
---------------------------+-------+-------+-------++-------
  Melee: Hand axe          |    85 |   156 |   212 ||   453
         Headbutt          |       |    30 |    45 ||    75
  Evoke: Wand              |       |       |     5 ||     5
    Use: Potion            |       |     3 |     4 ||     7
         Scroll            |       |     1 |     9 ||    10
   Stab: Sleeping          |     2 |     1 |       ||     3
         Paralysed         |     1 |     1 |    18 ||    20
         Invisible         |     1 |       |       ||     1
         Petrified         |       |     7 |       ||     7
         Confused          |       |     2 |     1 ||     3
         Petrifying        |       |     1 |       ||     1
 Armour: Leather armour    |    53 |    21 |       ||    74
         Chain mail        |       |    60 |   212 ||   272
  Dodge: Dodged            |    43 |    84 |   108 ||   235
  Block: Other             |    12 |    17 |    33 ||    62

Table legend: (Time is in decaauts)
 A = Elapsed time spent in this place.
 B = Non-inter-level travel time spent in this place.
 C = Inter-level travel time spent in this place.
 D = Time resting spent in this place.
 E = Time spent auto-exploring this place.
 F = Levels seen in this place.
 G = Mean time per level.
                   A        B        C        D        E       F      G
               +--------+--------+--------+--------+--------+-----+--------+
         Total |   5176 |   4821 |    355 |    123 |   3620 |   8 |  647.0 |
       Dungeon |   5174 |   4820 |    354 |    123 |   3620 |   7 |  739.1 |
        Temple |      1 |      1 |      0 |      0 |      0 |   1 |    1.0 |
               +--------+--------+--------+--------+--------+-----+--------+

Top non-repeatable levels by time:
     D:3: 1050 daAuts
     D:4: 929 daAuts
     D:2: 873 daAuts
     D:1: 823 daAuts
     D:6: 616 daAuts
     D:5: 610 daAuts
     D:7: 270 daAuts
  Temple: 1 daAuts
